 Dungeon Crawl Stone Soup version 0.18-a0-20-gaede791 (webtiles) character file.

262 Hedron the Gusty (level 6, -2/32 HPs)
             Began as a Tengu Air Elementalist on Nov 2, 2015.
             Was a Follower of Ashenzari.
             Slain by Pikel
             ... wielding a +1 whip of flaming
              (4 damage)
             ... on level 3 of the Dungeon.
             The game lasted 00:16:17 (3823 turns).

Hedron the Gusty (Tengu Air Elementalist)           Turns: 3823, Time: 00:16:17

Health: -2/32      AC:  2    Str:  9    XL:     6   Next: 18%
Magic:  0/12       EV: 12    Int: 17    God:    Ashenzari [*.....]
Gold:   174        SH:  0    Dex: 14    Spells: 4 memorised, 4 levels left

rFire  . . .     SeeInvis .     h - +0 quarterstaff
rCold  . . .     Clarity  .     a - +0 robe
rNeg   . . .     SustAt   .     (shield currently unavailable)
rPois  .         Gourm    .     (helmet restricted)
rElec  .         Spirit   .     (no cloak)
rCorr  .         Warding  .     (no gloves)
rMut   .         Stasis   .     (boots unavailable)
MR     .....                    (no amulet)
Stlth  ++........               (no ring)
                                (no ring)

@: very slightly contaminated, repel missiles, not resistant to hostile
enchantments, unstealthy
A: beak, talons 3, able to fly 1
a: Fly, Scrying, Renounce Religion


You were on level 3 of the Dungeon.
You worshipped Ashenzari.
Ashenzari was aware of your devotion.
You were very hungry.

You visited 1 branch of the dungeon, and saw 4 of its levels.

You collected 174 gold pieces.

Inventory:

Hand Weapons
 h - a +0 quarterstaff (weapon)
Missiles
 m - 19 poisoned needles
 q - 2 needles of slowing
Armour
 a - a +0 robe (worn)
 i - a storm dragon hide
Scrolls
 f - 3 scrolls of remove curse
 r - a scroll of random uselessness {unknown}
Potions
 d - a potion of brilliance {unknown}
 e - a potion of curing
 j - a potion of flight {unknown}
 k - a potion of heal wounds
 n - a potion of invisibility {unknown}
 o - a potion of mutation {unknown}
Books
 b - a book of Air

   Spells                             Type                      Level
   a - Shock                          Conjuration/Air              1
   b - Swiftness                      Charms/Air                   2
   c - Repel Missiles                 Charms/Air                   2
   d - Static Discharge               Conjuration/Air              3
   e - Lightning Bolt                 Conjuration/Air              5
Comestibles
 c - 3 bread rations
 l - 4 fruits
 p - 2 royal jellies


   Skills:
 - Level 2.1 Dodging
 - Level 2.0 Stealth
 * Level 3.7 Spellcasting
 + Level 3.4 Conjurations
 + Level 1.4 Charms
 * Level 6.0 Air Magic


You had 4 spell levels left.
You knew the following spells:

 Your Spells              Type           Power        Failure   Level  Hunger
a - Shock                 Conj/Air       ###.         2%          1    None
b - Repel Missiles        Chrm/Air       ###...       6%          2    ##.....
c - Swiftness             Chrm/Air       ###.....     6%          2    ##.....
d - Static Discharge      Conj/Air       ###.....     10%         3    ###....


Dungeon Overview and Level Annotations

Branches:
Dungeon (4/15)
 Temple: D:4-7

Altars:
Ashenzari
Qazlal

Annotations:
D:3 Pikel


Innate Abilities, Weirdness & Mutations

You have a beak for a mouth.
You have claws for feet.
You can fly.


Message History

Confirm with . or Enter, or press ? or * to list all spells.
Pikel is struck by lightning.
Pikel is heavily wounded.
The lightning arcs!
You are struck by lightning.
The lightning grounds out.
Pikel misses you.
Casting: Static Discharge
Confirm with . or Enter, or press ? or * to list all spells.
Pikel is struck by lightning.
Pikel is severely wounded.
The lightning grounds out.
Pikel hits you with a whip of flaming! Pikel burns you.
Casting: Static Discharge
Confirm with . or Enter, or press ? or * to list all spells.
You miscast Static Discharge.
You are very lightly contaminated with residual magic.
Sparks of electricity dance between your hands.
Pikel hits you with a whip of flaming!
* * * LOW HITPOINT WARNING * * *
Pikel burns you.
You die...

#.###.##.##.#
#......)....#
#####..####.# ##.#
#.# #.# #.# #.#
#.# #.# #.#
#####.# #.######
##.@K#.#
#......###
#.###..#
####...... #.#
#..# #.#.###
#.###..# #.#.#
##...#.# #.#.#
##.##.# #.#.#
#.##.#######.#>#
#..........#.#.###
####.#####.#.#....


You could see Pikel.

Vanquished Creatures
  A giant frog (D:3)
  2 worker ants (D:4)
  A hound (D:4)
  3 gnolls (D:3)
  An adder (D:3)
  2 oozes
  An adder skeleton (D:2)
  A worm (D:2)
  2 giant geckos
  An orc (D:3)
  11 bats
  A bat zombie (D:2)
  A giant cockroach (D:1)
  6 hobgoblins
  8 jackals
  10 kobolds
  2 quokkas
  2 giant cockroach zombies (D:2)
  2 giant newts (D:1)
  6 goblins
  8 rats
72 creatures vanquished.

Notes
Turn   | Place    | Note
--------------------------------------------------------------
     0 | D:1      | Hedron the Tengu Air Elementalist began the quest for the Orb.
     0 | D:1      | Reached XP level 1. HP: 10/10 MP: 4/4
    75 | D:1      | Reached XP level 2. HP: 15/15 MP: 0/6
   132 | D:1      | Learned a level 2 spell: Repel Missiles
   135 | D:1      | Learned a level 2 spell: Swiftness
   414 | D:1      | Reached XP level 3. HP: 17/19 MP: 1/7
   733 | D:1      | Found a shattered altar of Ashenzari.
   840 | D:1      | Became a worshipper of Ashenzari the Shackled
  1363 | D:2      | Found a stormy altar of Qazlal.
  1695 | D:2      | Reached XP level 4. HP: 24/24 MP: 4/9
  1741 | D:2      | Learned a level 3 spell: Static Discharge
  1948 | D:3      | Noticed a giant frog
  1956 | D:3      | Killed a giant frog
  1956 | D:3      | Reached skill level 1 in Charms
  1956 | D:3      | Reached skill level 5 in Air Magic
  1956 | D:3      | Gained mutation: You can fly. [Tengu growth]
  1956 | D:3      | Reached XP level 5. HP: 21/28 MP: 0/10
  2382 | D:3      | Reached * piety under Ashenzari
  3079 | D:4      | Reached XP level 6. HP: 13/32 MP: 0/12
  3355 | D:4      | Reached skill level 6 in Air Magic
  3604 | D:4      | Noticed Pikel
  3823 | D:3      | Slain by Pikel

Vault maps used:
D:1:      onia_arrival_pentagram, evilmike_ruin_ashenzari
D:2:      grunt_qazlal_clouds, serial_undead, serial_undead_d, serial_undead_b,
          serial_undead_f, serial_undead_d, serial_undead_d, serial_undead_a,
          serial_undead_f, st_stairs_14, minmay_item_behind_shaft, minivault_24
D:4:      led_sif_pool, amethyst_overflow_temple_binary, first_bread, uniq_pikel

Action                   |  1- 3 |  4- 6 || total
-------------------------+-------+-------++-------
Melee: Unarmed           |     4 |       ||     4
       Dagger            |    29 |       ||    29
       Short sword       |     2 |     7 ||     9
       Quarterstaff      |       |     4 ||     4
 Cast: Shock             |    92 |    73 ||   165
       Repel Missiles    |     1 |     1 ||     2
       Static Discharge  |       |    12 ||    12
  Use: Scroll            |       |     2 ||     2
       Potion            |       |     4 ||     4
 Stab: Sleeping          |       |     1 ||     1
  Eat: Chunk             |     3 |     7 ||    10
